 Dungeon Crawl Stone Soup version 0.30-a0-618-gd6c86c23d0 (webtiles) character file.

Game seed: 9581547734468253705

289 Leeroy the Covert (level 6, -5/25 HPs)
             Began as a Felid Transmuter on Jan 9, 2023.
             Slain by a killer bee (7 damage)
             ... on level 5 of the Dungeon.
             The game lasted 00:04:50 (3912 turns).

Leeroy the Covert (Felid Transmuter)                Turns: 3912, Time: 00:04:51

Health: -5/25      AC:  2    Str:  8    XL:     6   Next: 9%
Magic:  10/10      EV: 17    Int: 15    God:
Gold:   208        SH:  0    Dex: 16    Spells: 3/9 levels left
                                        Lives:  0   Deaths: 1

rFire   . . .      SeeInvis +      - Unarmed
rCold   . . .      Faith    .    (shield unavailable)
rNeg    . . .      Spirit   .    (body armour unavailable)
rPois   .          Reflect  .    (helmet unavailable)
rElec   .          Harm     .    (cloak unavailable)
rCorr   .          Rampage  .    (gloves unavailable)
Will    .....                    (boots unavailable)
Stlth   ++++                     (no amulet)
HPRegen 0.24/turn                (no ring)
MPRegen 0.12/turn                (no ring)

@: lethally poisoned (-5 -> -10), quick
A: very small, claws 1, fangs 3, see invisible, speed 1, shaggy fur 2, stealthy
paws, no weapons or thrown items, no armour, multi-lived
a: no special abilities


You were on level 5 of the Dungeon.
You visited 1 branch of the dungeon, and saw 5 of its levels.

You collected 208 gold pieces.

Inventory:

Jewellery
 o - an amulet of the acrobat
Wands
 k - a wand of mindburst (15)
 q - a wand of charming (8)
Scrolls
 b - a scroll of blinking {unknown}
 d - a scroll of magic mapping {unknown}
 e - a scroll of acquirement {unknown}
 f - 5 scrolls of identify {unknown}
 h - 3 scrolls of vulnerability {unknown}
 i - a scroll of teleportation {unknown}
 j - a scroll of fog {unknown}
 l - 2 scrolls of fear {unknown}
 n - a scroll of poison {unknown}
Potions
 a - a potion of brilliance {unknown}
 c - a potion of attraction {unknown}
 g - a potion of curing
 m - a potion of might {unknown}
 p - a potion of invisibility {unknown}


   Skills:
 - Level 1.0 Fighting
 - Level 2.6 Dodging
 - Level 9.3 Stealth
 + Level 4.0 Unarmed Combat
 - Level 2.0 Spellcasting
 - Level 2.1 Transmutations


You had 3 spell levels left.
You knew the following spells:

 Your Spells              Type           Power      Damage    Failure   Level
a - Beastly Appendage     Tmut           16%        N/A       9%          1
b - Blink                 Tloc           2%         N/A       32%         2
c - Spider Form           Tmut/Pois      4%         N/A       38%         3

Your spell library contained the following spells:

 Spells                   Type           Power      Damage    Failure   Level
 Wereblood                Tmut           8%         N/A       14%         2
 Momentum Strike          Conj/Tloc      2%         3d8       32%         2
 Gell's Gravitas          Tloc           1%         N/A       54%         3
 Lesser Beckoning         Tloc           2%         N/A       54%         3
 Teleport Other           Tloc           1%         N/A       54%         3
 Ice Form                 Ice/Tmut       4%         N/A       80%         4


Dungeon Overview and Level Annotations

Branches:
Dungeon (5/15)
 Temple: D:4-7

Altars:

Shops:
D:1 [


Innate Abilities, Weirdness & Mutations

You have sharp claws.
You have razor-sharp teeth.
You have supernaturally acute eyesight. (SInv)
You cover ground quickly. (Speed+)
You are covered in thick fur. (AC +2)
Your paws help you pounce on unaware monsters.
You are incapable of wielding weapons or throwing items.
You cannot wear armour.
You gain extra lives every three experience levels.


Message History

You start waiting.
Done waiting.
You start waiting.
Done waiting.
You start waiting.
Done waiting.
What are your orders? t - Meow!
Orders for allies: a - Attack new target. r - Retreat! s - Stop attacking. g - Guard the area. f - Follow me.
Anything else - Cancel.
You meow for attention!
There is an open door here.
What are your orders? t - Meow!
Orders for allies: a - Attack new target. r - Retreat! s - Stop attacking. g - Guard the area. f - Follow me.
Anything else - Cancel.
You meow for attention!
You start waiting.
Done waiting.
You start waiting.
You start waiting.
Done waiting.
There is an open door here.
There is an open door here.
There is a stone staircase leading down here.
You climb downwards.
The killer bee stings you! The killer bee completely misses you.
The killer bee stings you.
You are poisoned.
The killer bee poisons you!
There is a stone staircase leading up here.
There are monsters nearby!
There are monsters nearby!
You feel sick. The killer bee stings you!
* * * LOW HITPOINT WARNING * * *
The killer bee misses you. The killer bee stings you!
You die...

#.# #.# #.# #h#
#.##############
##...#.......#...
#....#.......#...
##y...#.......'...
##@y...#...(...#+##
##y.....#...........
#........#...........
#........###'####....
##........+.....+....
#........#.....#....
.........#.....#....
..........#.....#....
.........#.....#....


You could see a hound (wandering) and 3 killer bees.

Vanquished Creatures
  Sigmund (D:3)
  A black bear (D:4)
  2 hounds
  An iguana (D:4)
  Robin (D:4)
  5 adders
  A worm (D:2)
  A dart slug (D:1)
  6 orcs
  9 ball pythons
  7 bats
  5 endoplasms
  A giant cockroach (D:1)
  11 goblins
  6 hobgoblins
  6 kobolds
  5 quokkas
  4 frilled lizards
  3 rats
76 creatures vanquished.

Notes
Turn   | Place    | Note
-------+----------+-------------------------------------------
     0 | D:1      | Leeroy the Felid Transmuter began the quest for the Orb.
     0 | D:1      | Reached XP level 1. HP: 9/9 MP: 4/4
    59 | D:1      | Reached skill level 1 in Stealth
   395 | D:1      | Found Icucse's Antique Armour Shoppe.
   412 | D:1      | Reached skill level 2 in Stealth
   477 | D:1      | Reached XP level 2. HP: 12/12 MP: 6/6
   659 | D:2      | Reached skill level 3 in Stealth
   804 | D:2      | Reached skill level 4 in Stealth
   915 | D:2      | Identified the +6 short sword "Hiskaru" {flame, rPois Int-4
                  | Dex+8 Stlth+}
  1013 | D:2      | Reached XP level 3. HP: 1/15 MP: 7/7
  1249 | D:3      | Learned a level 2 spell: Blink
  1253 | D:3      | Learned a level 3 spell: Spider Form
  1276 | D:3      | Reached skill level 5 in Stealth
  1276 | D:3      | Reached XP level 4. HP: 16/19 MP: 8/8
  1408 | D:3      | Identified the +5 spear of Fedhas, Mauling {heavy, Str+7}
  1525 | D:3      | Noticed Sigmund
  1546 | D:3      | Killed Sigmund
  1547 | D:3      | Reached skill level 8 in Stealth
  1547 | D:3      | Reached XP level 5. HP: 14/22 MP: 4/9
  1593 | D:3      | Found a faded altar of an unknown god.
  2097 | D:4      | Gained mutation: You are covered in thick fur. (AC +2)
                  | [Felid growth]
  2097 | D:4      | Reached XP level 6. HP: 25/25 MP: 10/10
  2257 | D:4      | Reached skill level 9 in Stealth
  2429 | D:4      | Noticed Robin
  2621 | D:3      | Slain by a goblin
  2622 | D:3      | Reached XP level 5. HP: -3/33 MP: 9/9
  2710 | D:4      | Identified the +9 falchion "Hoppo" {antimagic, Str-3 Dex+5
                  | Stlth+}
  2725 | D:4      | Killed a black bear
  2726 | D:4      | Reached XP level 6. HP: 10/25 MP: 6/10
  2953 | D:4      | Killed Robin
  3134 | D:5      | Entered Level 5 of the Dungeon
  3912 | D:5      | Slain by a killer bee

Illustrated notes

Levels and vault maps discovered:
D:1:      dpeg_arrival_central, layout_loops_ring, serial_shops,
          nicolae_shop_overgrown_old_shop
D:2:      layout_basic
D:3:      wad_woods_pond, layout_basic, hellmonk_ecumenical_altar_slurped_away,
          uniq_sigmund
D:4:      layout_basic, minmay_misc_feat_pillars, uniq_robin
D:5:      layout_gridville, temple_green, kennysheep_potato, uniq_grinder,
          uniq_pikel, uniq_crazy_yiuf_cottage

Skill      XL: |  1  2  3  4  5  6 |
---------------+-------------------+-----
Stealth        | 2 4 5 8 9 |  9.3
Unarmed Combat | 4 |  4.0
Fighting       | |  1.0
Dodging        | |  2.6
Spellcasting   | |  2.0
Transmutations | |  2.1

Action                   |  1- 3 |  4- 6 || total
-------------------------+-------+-------++-------
Melee: Unarmed           |    85 |   141 ||   226
       Bite              |     7 |     6 ||    13
       Punch             |     4 |     9 ||    13
       Headbutt          |     1 |       ||     1
 Cast: Beastly Appendage |     1 |       ||     1
       Spider Form       |       |     2 ||     2
  Use: Potion            |       |     3 ||     3
 Stab: Sleeping          |     8 |    10 ||    18
       Distracted        |     1 |       ||     1
Armor: Skin              |     5 |    18 ||    23
Dodge: Dodged            |    85 |   118 ||   203

Table legend: (Time is in decaauts)
 A = Elapsed time spent in this place.
 B = Non-inter-level travel time spent in this place.
 C = Inter-level travel time spent in this place.
 D = Time resting spent in this place.
 E = Time spent auto-exploring this place.
 F = Levels seen in this place.
 G = Mean time per level.
                   A        B        C        D        E       F      G
               +--------+--------+--------+--------+--------+-----+--------+
         Total |   3430 |   3266 |    164 |    842 |   1804 |   5 |  686.0 |
       Dungeon |   3430 |   3266 |    164 |    842 |   1804 |   5 |  686.0 |
               +--------+--------+--------+--------+--------+-----+--------+

Top non-repeatable levels by time:
     D:4: 1446 daAuts
     D:3: 1093 daAuts
     D:1: 530 daAuts
     D:2: 304 daAuts
     D:5: 54 daAuts
